 Dungeon Crawl Stone Soup version 0.30-a0-1116-gebefce21f7 (webtiles) character file.

Game seed: 15066242996377762416

221 qeuew the Caller (level 5, -4/29 HPs)
             Began as a Deep Elf Summoner on Apr 21, 2023.
             Slain by a gnoll
             ... wielding a +0 whip
             ... led by a gnoll bouda
              (8 damage)
             ... on level 4 of the Dungeon.
             The game lasted 00:08:06 (3070 turns).

qeuew the Caller (Deep Elf Summoner)                Turns: 3070, Time: 00:08:07

Health: -4/29      AC:  3    Str:  4 (5)  XL:     5   Next: 65%
Magic:  1/13       EV: 13    Int: 19 (22) God:
Gold:   184        SH:  0    Dex: 12 (15) Spells: 2/12 levels left

rFire   . . .      SeeInvis .    e - +0 dagger (speed)
rCold   . . .      Faith    .    (no shield)
rNeg    . . .      Spirit   .    a - +1 robe
rPois   .          Reflect  .    (no helmet)
rElec   .          Rampage  .    (no cloak)
rCorr   .                        (no gloves)
Will    +....                    (no boots)
Stlth   ++                       (no amulet)
HPRegen 0.24/turn                (no ring)
MPRegen 0.13/turn                (no ring)

@: very slightly contaminated
A: deterioration 1, strong-willed 1
a: no special abilities


You were on level 4 of the Dungeon.
You visited 1 branch of the dungeon, and saw 4 of its levels.

You collected 184 gold pieces.

Inventory:

Hand Weapons
 e - a +0 dagger of speed (weapon)
Armour
 a - a +1 robe (worn)
Wands
 g - a wand of quicksilver (11)
Scrolls
 j - 2 scrolls of teleportation
 l - 2 scrolls of identify
 o - 2 scrolls of enchant weapon
 p - a scroll of magic mapping
Potions
 b - 2 potions of magic
 c - a potion of cancellation
 f - 4 potions of curing
 k - 3 potions of heal wounds


   Skills:
 + Level 1.5 Fighting
 + Level 1.7 Short Blades
 + Level 3.6 Dodging
 + Level 3.6 Stealth
 + Level 4.1 Spellcasting
 + Level 5.0 Summonings
 + Level 1.0 Air Magic
 + Level 0.9 Evocations


You had 2 spell levels left.
You knew the following spells:

 Your Spells              Type           Power      Damage    Failure   Level
a - Summon Small Mammal   Summ           92%        N/A       1%          1
b - Call Imp              Summ           46%        N/A       2%          2
c - Call Canine Familiar  Summ           23%        N/A       5%          3
d - Summon Lightning Spi  Summ/Air       15%        N/A       36%         4

Your spell library contained the following spells:

 Spells                   Type           Power      Damage    Failure   Level
 Summon Guardian Golem    Hex/Summ       13%        N/A       14%         3


Dungeon Overview and Level Annotations

Branches:
Dungeon (4/15)
 Temple: D:4-7

Altars:

Shops:
D:3 ?([


Innate Abilities, Weirdness & Mutations

Your body sometimes deteriorates upon taking damage.
You are strong-willed. (Will+)


Message History

Your hound dies!
Your hound's corpse disappears in a puff of smoke!
Casting: Call Canine Familiar (quite dangerous; 5% risk of failure)
Confirm with . or Enter, or press ? or * to list all spells.
The spell is quite dangerous to miscast (5% risk of failure)!
Continue anyway?
You miscast Call Canine Familiar.
You are very lightly contaminated with residual magic.
Nothing appears to happen.
The gnoll hits you with a +0 whip.
You hit the gnoll but do no damage.
The gnoll is severely wounded.
You hit the gnoll.
The gnoll is almost dead.
The gnoll hits you with a +0 whip.
You completely miss the gnoll.
The gnoll is almost dead.
The gnoll closely misses you.
You hit the gnoll but do no damage.
The gnoll is almost dead.
You hit the gnoll.
The gnoll is almost dead.
The gnoll hits you with a +0 whip!
* * * LOW HITPOINT WARNING * * *
Your body deteriorates!
You feel clumsy.
You closely miss the gnoll.
The gnoll is almost dead.
You hit the gnoll.
You kill the gnoll!
You barely miss the gnoll. You barely miss the gnoll.
The gnoll barely misses you.
You barely miss the gnoll. The gnoll closely misses you.
You hit the gnoll.
The gnoll is lightly wounded.
You hit the gnoll.
The gnoll is moderately wounded.
The gnoll misses you.
You hit the gnoll but do no damage.
The gnoll is moderately wounded.
The gnoll hits you with a +0 whip!
You die...

### .g# #g#
#g# #g# #>#
..# #.#######
#.# #.).g@..#
#.# #######.#
#.# #.# #.#
#># #.# #.#
#.#
#######.###.#
............#
########.####
#.#


You could see a gnoll.

Vanquished Creatures
  A gnoll (D:4)
  2 adders
  A dart slug (D:2)
  2 orcs (D:3)
  2 ball pythons
  3 bats
  7 endoplasms
  2 giant cockroaches
  4 goblins
  3 kobolds (D:1)
  2 quokkas
  7 rats
36 creatures vanquished.

Vanquished Creatures (collateral kills)
  An orc priest (D:3)
  A gnoll bouda (D:4)
  6 gnolls (D:4)
  An adder (D:3)
  A worm (D:3)
  An orc (D:3)
  3 endoplasms
  3 hobgoblins
  3 kobolds
  A quokka (D:4)
  3 ball pythons
  A frilled lizard (D:1)
25 creatures vanquished.

Grand Total: 61 creatures vanquished

Notes
Turn   | Place    | Note
-------+----------+-------------------------------------------
     0 | D:1      | qeuew the Deep Elf Summoner began the quest for the Orb.
     0 | D:1      | Reached XP level 1. HP: 10/10 MP: 6/6
   328 | D:1      | Reached XP level 2. HP: 14/16 MP: 4/8
   539 | D:1      | Found a faded altar of an unknown god.
   705 | D:1      | You fall into a shaft and drop 1 floor!
   896 | D:2      | Reached XP level 3. HP: 12/20 MP: 6/9
   902 | D:2      | Identified the +1 robe of Qikhlel {-Cast rF+++ Will-
                  | Regen+}
   960 | D:2      | Learned a level 2 spell: Call Imp
   964 | D:2      | Learned a level 3 spell: Call Canine Familiar
  1092 | D:2      | Reached skill level 1 in Fighting
  1577 | D:2      | Gained mutation: You are strong-willed. (Will+) [potion of
                  | mutation]
  1577 | D:2      | Gained mutation: Your body sometimes deteriorates upon
                  | taking damage. [potion of mutation]
  1839 | D:3      | Found Ihiogaebb's Magic Scroll Shop.
  1865 | D:3      | Found Witaqyif's Weapon Shoppe.
  1926 | D:3      | Reached skill level 1 in Short Blades
  1951 | D:3      | Reached XP level 4. HP: 13/25 MP: 9/11
  2136 | D:3      | Found Teagexy's Armour Shoppe.
  2692 | D:3      | Learned a level 4 spell: Summon Lightning Spire
  2872 | D:4      | Reached XP level 5. HP: 24/29 MP: 2/12
  3044 | D:4      | Reached skill level 5 in Summonings
  3046 | D:4      | Reached skill level 1 in Air Magic
  3070 | D:4      | Slain by a gnoll

Illustrated notes

Levels and vault maps discovered:
D:1:      eino_arrival_cavern_e, layout_loops_cross,
          ebering_ecumenical_altar_sacrificial
D:2:      layout_loops_cross
D:3:      layout_basic, serial_shops, shop, nicolae_shop_statue_plus,
          nicolae_shop_competitors_out_of_business
D:4:      layout_loops_ring

Skill      XL: |  1  2  3  4  5 |
---------------+----------------+-----
Dodging        | 3 |  3.6
Fighting       | 1 |  1.5
Stealth        | 3 |  3.6
Short Blades   | 1 |  1.7
Spellcasting   | 4 |  4.1
Summonings     | 5 |  5.0
Air Magic      | 1 |  1.0
Evocations     | |  0.9

Action                     |  1- 3 |  4- 6 || total
---------------------------+-------+-------++-------
  Melee: Short sword       |   108 |       ||   108
         Dagger            |    15 |    50 ||    65
         Punch             |     1 |       ||     1
   Cast: Summon Small Mamm |    22 |     2 ||    24
         Call Imp          |     4 |     8 ||    12
         Call Canine Famil |       |     7 ||     7
    Use: Potion            |     7 |       ||     7
         Scroll            |     6 |     1 ||     7
   Stab: Sleeping          |    10 |     2 ||    12
         Distracted        |     2 |     1 ||     3
 Armour: Robe              |    21 |     4 ||    25
  Dodge: Dodged            |    87 |    32 ||   119

Table legend: (Time is in decaauts)
 A = Elapsed time spent in this place.
 B = Non-inter-level travel time spent in this place.
 C = Inter-level travel time spent in this place.
 D = Time resting spent in this place.
 E = Time spent auto-exploring this place.
 F = Levels seen in this place.
 G = Mean time per level.
                   A        B        C        D        E       F      G
               +--------+--------+--------+--------+--------+-----+--------+
         Total |   3042 |   3008 |     34 |     41 |   2365 |   4 |  760.5 |
       Dungeon |   3042 |   3008 |     34 |     41 |   2365 |   4 |  760.5 |
               +--------+--------+--------+--------+--------+-----+--------+

Top non-repeatable levels by time:
     D:3: 1051 daAuts
     D:2: 934 daAuts
     D:1: 704 daAuts
     D:4: 352 daAuts
